AoeStats
← Enlightened Eye

Arena

510386340Analyzed
3v3 RM · 2d ago on Sep 30, 2026· 49m 37s· 6 players
Game mode
Random Map
Map size
Normal (6 player)
Population
200
Speed
Normal
Resources
Standard
Victory
Conquest
Starting age
Dark Age
Ending age
Imperial Age
RankedLock teamsTeams togetherTeam positionsShared explorationLock speedFull tech treeHidden civsTurbo modeCheats
Victory
Defeat
🇦🇹 Mapuche · Austria
1051
+13
🇺🇸 Teutons · United States
999
+15
🇺🇸 Britons · United States
934
+18
🇵🇸 Huns · Palestinian Territories
1073
-19
🇸🇦 Franks · Saudi Arabia
995
-16
🇵🇸 Turks · Palestinian Territories
861
-11
Enlightened Eye
10:48 Feudal Age
12:55 Wheelbarrow
16:12 Castle Age
15:12 Fletching
17:49 Double-Bit Axe
19:05 Scale Barding Armor
20:26 Gold Mining
21:04 Bloodlines
21:50 Forging
23:07 Chain Barding Armor
24:15 Iron Casting
24:51 Horse Collar
26:40 Bow Saw
27:57 Heavy Plow
33:17 Imperial Age
33:11 Bodkin Arrow
34:39 Conscription
33:42 Cavalier
35:44 Blast Furnace
35:47 Plate Barding Armor
39:23 Scale Mail Armor
39:28 Squires
44:59 Pikeman
47:08 Chain Mail Armor
49:50 Arson
xxyvonnederful
10:38 Feudal Age
14:50 Castle Age
13:18 Double-Bit Axe
13:29 Horse Collar
14:43 Stone Mining
17:47 Wheelbarrow
18:22 Heavy Plow
22:59 Gold Mining
24:33 Gold Shaft Mining
25:58 Hand Cart
30:29 Imperial Age
28:00 Fletching
28:11 Padded Archer Armor
29:27 Ballistics
29:20 Fortified Wall
29:34 Yeomen
30:27 Bow Saw
30:35 Elite Longbowman
31:41 Bodkin Arrow
32:02 Leather Archer Armor
32:51 Chemistry
32:41 Bracer
33:42 Conscription
34:26 Ring Archer Armor
34:37 Hoardings
34:54 Masonry
lord_joshi
10:56 Feudal Age
9:12 Loom
9:19 Loom
11:29 Double-Bit Axe
11:32 Horse Collar
14:12 Gold Mining
17:19 Castle Age
15:33 Stone Mining
17:00 Fletching
18:35 Wheelbarrow
19:01 Bow Saw
20:25 Bodkin Arrow
21:47 Padded Archer Armor
23:22 Fervor
24:44 Heavy Plow
25:04 Town Watch
26:57 Pikeman
31:38 Gold Shaft Mining
31:55 Stone Shaft Mining
31:32 Scale Mail Armor
31:51 Leather Archer Armor
34:10 Imperial Age
33:25 Hand Cart
33:40 Town Patrol
34:25 Chain Mail Armor
35:27 Ring Archer Armor
34:27 Halberdier
36:28 Ballistics
37:09 Chemistry
36:21 Masonry
36:42 Arson
37:51 Elite Bolas Rider
39:52 Plate Mail Armor
39:32 Forging
39:58 Crop Rotation
42:40 Malon
42:51 Butalmapu
43:15 Conscription
44:00 Iron Casting
44:11 Malon
45:14 Architecture
47:33 Blast Furnace
46:00 Elite Kona
47:22 Hoardings
47:28 Sanctity
El Magnifico
0:46 Loom
11:21 Feudal Age
12:22 Horse Collar
14:49 Wheelbarrow
14:17 Double-Bit Axe
20:27 Castle Age
21:36 Hand Cart
22:02 Heavy Plow
22:17 Bow Saw
22:49 Gold Mining
22:50 Stone Mining
25:02 Crossbowman
28:05 Gold Shaft Mining
31:24 Thumb Ring
31:08 Arson
31:23 Squires
30:44 Man-at-Arms
31:29 Husbandry
31:41 Bloodlines
31:36 Padded Archer Armor
31:27 Fletching
31:48 Forging
31:39 Scale Mail Armor
31:45 Scale Barding Armor
31:54 Town Watch
35:36 Imperial Age
34:14 Treadmill Crane
34:59 Ballistics
34:57 Bodkin Arrow
35:19 Masonry
35:31 Long Swordsman
37:04 Parthian Tactics
37:18 Murder Holes
37:55 Fortified Wall
38:02 Two-Handed Swordsman
xX SAVAGE Xx
0:44 Loom
12:26 Feudal Age
13:08 Double-Bit Axe
16:02 Castle Age
15:13 Double-Bit Axe
15:40 Horse Collar
16:33 Stone Mining
17:08 Bow Saw
18:05 Heavy Plow
21:09 Wheelbarrow
20:46 Man-at-Arms
22:24 Gold Mining
23:32 Thumb Ring
24:26 Gold Shaft Mining
25:39 Fletching
26:59 Bodkin Arrow
27:32 Ballistics
27:28 Padded Archer Armor
27:52 Scale Barding Armor
29:13 Hand Cart
29:57 Chain Barding Armor
30:58 Leather Archer Armor
30:43 Murder Holes
34:01 Imperial Age
31:26 Elite Skirmisher
31:29 Pikeman
32:09 Squires
31:54 Arson
33:23 Masonry
34:47 Bracer
35:50 Chemistry
34:28 Heavy Cavalry Archer
35:49 Parthian Tactics
36:11 Conscription
37:49 Light Cavalry
38:40 Bloodlines
38:31 Husbandry
39:05 Hussar
41:25 Plate Barding Armor
40:50 Scale Mail Armor
46:40 Forging
46:46 Chain Mail Armor
Falcon86
0:34 Loom
11:06 Feudal Age
16:51 Castle Age
16:01 Double-Bit Axe
16:18 Gold Mining
19:45 Stone Mining
25:29 Elite Skirmisher
26:49 Forging
28:17 Padded Archer Armor
28:08 Fletching
31:40 Wheelbarrow
35:37 Imperial Age
35:58 Cavalier
36:57 Hand Cart
40:09 Scale Barding Armor
40:40 Iron Casting
41:28 Gold Shaft Mining
41:54 Conscription
43:03 Leather Archer Armor
42:44 Bodkin Arrow
43:51 Bow Saw
43:19 Paladin
46:13 Chemistry
45:36 Ballistics
49:47 Murder Holes
Connection lost

Rejoining the realm…

Still unreachable

The connection could not be restored.

Session expired

The server has moved on; the page needs a fresh start.